 Dungeon Crawl Stone Soup version 0.28.0-43-g3370ac3207 (webtiles) character file.

Game seed: 8132691840256292220

68 Kaptain the Digger (level 4, -4/25 HPs)
             Began as a Gargoyle Earth Elementalist on Mar 24, 2022.
             Slain by an orc
             ... wielding a +0 mace
              (6 damage)
             ... on level 4 of the Dungeon.
             The game lasted 00:03:01 (1183 turns).

Kaptain the Digger (Gargoyle Earth Elementalist)    Turns: 1183, Time: 00:03:01

Health: -4/25      AC:  9    Str: 11    XL:     4   Next: 19%
Magic:  0/7        EV: 11    Int: 18    God:
Gold:   49         SH:  0    Dex: 10    Spells: 3/7 levels left

rFire   . . .      SeeInvis .   f - +0 hand axe
rCold   . . .      Faith    .   (no shield)
rNeg    + . .      Spirit   .   l - +0 leather armour
rPois   ∞          Reflect  .   (no helmet)
rElec   +          Harm     .   m - +2 cloak
rCorr   .          Rampage  .   (no gloves)
Will    .....                   (no boots)
Stlth   ++........              (no amulet)
HPRegen 0.08/turn               (no ring)
MPRegen 0.10/turn               (no ring)

@: no status effects
A: sickness immunity, AC +3, negative energy resistance 1, electricity
resistance, torment resistance 1, petrification resistance
a: no special abilities


You were on level 4 of the Dungeon.
You visited 1 branch of the dungeon, and saw 3 of its levels.

You collected 49 gold pieces.

Inventory:

Hand Weapons
 d - a +0 spear
 f - a +0 hand axe (weapon)
Missiles
 c - 16 stones
 g - 2 poisoned darts
 k - 6 javelins
Armour
 i - a +0 buckler
 l - a +0 leather armour (worn)
 m - a +2 cloak (worn)
Scrolls
 b - a scroll of fear {unknown}
 h - 2 scrolls of identify {unknown}
 j - a scroll of summoning {unknown}
Potions
 a - a potion of haste {unknown}
 e - a potion of might {unknown}
 n - a potion of curing {unknown}


   Skills:
 * Level 1.1 Fighting
 + Level 0.8 Armour
 + Level 1.9 Dodging
 - Level 2.1 Stealth
 + Level 0.5 Shields
 * Level 2.4 Spellcasting
 * Level 1.5 Conjurations
 - Level 0.7 Transmutations
 * Level 4.3 Earth Magic


You had 3 spell levels left.
You knew the following spells:

 Your Spells              Type           Power      Damage    Failure   Level
a - Sandblast             Erth           34%        2d9       3%          1
b - Stone Arrow           Conj/Erth      24%        3d8       21%         3

Your spell library contained the following spells:

 Spells                   Type           Power      Damage    Failure   Level
 Passwall                 Tmut/Erth      9%         N/A       12%         2
 Petrify                  Tmut/Erth      11%        N/A       63%         4


Dungeon Overview and Level Annotations

Branches:
Dungeon (2/15)

Altars:

Shops:
D:4 (


Innate Abilities, Weirdness & Mutations

You are immune to sickness and miasma.
Your stone body is resilient. (AC +3)
You are immune to poison.
You resist negative energy. (rN+)
You are resistant to electric shocks. (rElec)
You are resistant to unholy torment.
You are immune to petrification.


Message History

Aim: an orc priest, wielding a +0 dagger of venom and wearing a +0 scale mail (82% to hit)
The blast of sand hits the orc priest but does no damage.
Unknown command.
Casting: Sandblast (safe; 3% risk of failure)
Confirm with . or Enter, or press ? or * to list all spells.
Aiming: Sandblast (safe; 3% risk of failure)
Press: ? - help, Shift-Dir - straight line, f/p - orc priest
Aim: an orc priest, wielding a +0 dagger of venom and wearing a +0 scale mail (82% to hit)
The blast of sand hits the orc priest but does no damage.
Unknown command.
Casting: Sandblast (safe; 3% risk of failure)
Confirm with . or Enter, or press ? or * to list all spells.
Aiming: Sandblast (safe; 3% risk of failure)
Press: ? - help, Shift-Dir - straight line, f/p - orc priest
Aim: an orc priest, wielding a +0 dagger of venom and wearing a +0 scale mail (82% to hit)
The blast of sand hits the orc priest but does no damage.
The orc priest hits you but does no damage.
Unknown command.
Casting: Sandblast (safe; 3% risk of failure)
Confirm with . or Enter, or press ? or * to list all spells.
You don't have enough magic to cast this spell.
Unknown command.
Casting: Sandblast (safe; 3% risk of failure)
Confirm with . or Enter, or press ? or * to list all spells.
You don't have enough magic to cast this spell.
You hit the orc priest but do no damage.
The orc priest mumbles some strange prayers to Beogh against you.
Beogh smites you!
Ouch! That really hurt!
* * * LOW HITPOINT WARNING * * *
The orc priest barely misses you.
Unknown command.
You closely miss the orc priest. You barely miss the orc.
The orc hits you with a +0 mace.
* * * LOW HITPOINT WARNING * * *
Unknown command.
You hit the orc priest but do no damage.
You hit the orc. The orc closely misses you. The orc priest closely misses you.
The orc hits you with a +0 mace.
You die...

......# ##### ##....#
##...####...#.#
##....)#.....#.#
#.........)..#.#.8o..8.
#...∩.†..).).#.#..o....
#..............#.o..o..
##.....#.......#.......
##...##.##..o@#.8...8.
##.##......oo#.......
#......(...)........
#####....##......!.#
##......###.....
##...#.. ..## $...##...
.. .... ..### . ... ...


You could see an orc priest, an orc wizard and an orc.

Vanquished Creatures
  An orc priest (D:4)
  An adder (D:2)
  A dart slug (D:2)
  5 orcs (D:4)
  3 bats (D:1)
  A giant cockroach (D:2)
  3 goblins
  A hobgoblin (D:1)
  2 quokkas (D:1)
  3 frilled lizards
  3 rats (D:1)
24 creatures vanquished.

Notes
Turn   | Place    | Note
-------+----------+-------------------------------------------
     0 | D:1      | Kaptain the Gargoyle Earth Elementalist began the quest for
                  | the Orb.
     0 | D:1      | Reached XP level 1. HP: 10/10 MP: 3/3
   103 | D:1      | Reached XP level 2. HP: 14/16 MP: 1/5
   270 | D:1      | Found a faded altar of an unknown god.
   809 | D:2      | Reached skill level 1 in Conjurations
   809 | D:2      | Reached XP level 3. HP: 14/20 MP: 6/6
   813 | D:2      | Learned a level 3 spell: Stone Arrow
   862 | D:2      | Reached skill level 4 in Earth Magic
   969 | D:2      | You fall into a shaft and drop 2 floors!
   969 | D:4      | Found Baicuatiph's Weapon Emporium.
  1178 | D:4      | Reached skill level 1 in Fighting
  1178 | D:4      | Reached XP level 4. HP: 18/25 MP: 2/7
  1183 | D:4      | Slain by an orc

Illustrated notes

Levels and vault maps discovered:
D:1:      eino_arrival_tree_alley, layout_basic,
          hellmonk_ecumenical_altar_leap_of_faith
D:2:      layout_basic, serial_shops, shop_statue
D:4:      cheibrodos_pilgrimage, layout_cave_pools,
          mainiacjoe_overflow_tiny_flanked, fedhas_altar_fruit_tree,
          minmay_temple_entry_stoned_glass, serial_shops,
          nicolae_shop_bloodbath_and_beyond, guppyfry_shop_venom

Skill      XL: |  1  2  3 |
---------------+----------+-----
Conjurations   | 1 |  1.5
Earth Magic    | 4 |  4.3
Fighting       | 1 |  1.1
Armour         | |  0.8
Dodging        | |  1.9
Stealth        | |  2.1
Shields        | |  0.5
Spellcasting   | |  2.4
Transmutations | |  0.7

Action                   |  1- 3 |  4- 6 || total
-------------------------+-------+-------++-------
Melee: Spear             |    21 |       ||    21
       Hand axe          |    34 |     3 ||    37
 Cast: Sandblast         |    21 |     3 ||    24
 Stab: Sleeping          |     2 |       ||     2
Armor: Robe              |    11 |       ||    11
       Leather armour    |     9 |     1 ||    10
Dodge: Dodged            |    43 |     3 ||    46
